 Dungeon Crawl Stone Soup version 0.29.1-15-g9cfb28693d (webtiles) character file.

Game seed: 12064272371501261779

848 cdecastro the Cleaver (level 7, -4/60 HPs)
             Began as a Minotaur Fighter on Mar 5, 2023.
             Was an Initiate of Okawaru.
             Succumbed to a gnoll's poison
             ... on level 5 of the Dungeon.
             The game lasted 00:09:40 (5475 turns).

cdecastro the Cleaver (Minotaur Fighter)            Turns: 5475, Time: 00:09:40

Health: -4/60      AC:  6    Str: 23    XL:     7   Next: 69%
Magic:  6/6        EV:  9    Int:  5    God:    Okawaru [......]
Gold:   115        SH:  0    Dex:  9    Spells: 6/6 levels left

rFire   . . .      SeeInvis .   a - +0 war axe
rCold   + . .      Faith    .   (no shield)
rNeg    . . .      Spirit   .   g - +0 scale mail
rPois   .          Reflect  .   (helmet restricted)
rElec   .          Harm     .   (no cloak)
rCorr   +          Rampage  .   (no gloves)
Will    .....                   (no boots)
Stlth   ..........              h - amulet of the acrobat
HPRegen 0.20/turn               m - ring of resist corrosion
MPRegen 0.10/turn               q - ring of protection from cold

@: mighty, lethally poisoned (-4 -> -30)
A: horns 2, retaliatory headbutt
a: Renounce Religion


You were on level 5 of the Dungeon.
You worshipped Okawaru.
Okawaru was noncommittal.
You visited 2 branches of the dungeon, and saw 6 of its levels.
You also visited: Sewer.

You collected 166 gold pieces.
You spent 51 gold pieces at shops.

Inventory:

Hand Weapons
 a - a +0 war axe (weapon)
 b - a +0 arbalest
 y - a +1 spear of venom
Missiles
 u - 7 javelins
 B - 13 poisoned darts
Armour
 c - a +0 buckler
 g - a +0 scale mail (worn)
Magical Staves
 e - a staff of poison
 F - a staff of earth
Jewellery
 h - an amulet of the acrobat (around neck)
 m - a ring of resist corrosion (left hand)
 q - a ring of protection from cold (right hand)
Scrolls
 f - 3 scrolls of enchant armour {unknown}
 i - 2 scrolls of magic mapping {unknown}
 j - 7 scrolls of identify {unknown}
 k - 2 scrolls of poison {unknown}
 r - a scroll of vulnerability {unknown}
 s - a scroll of fog {unknown}
 t - a scroll of blinking {unknown}
 v - a scroll of noise {unknown}
 w - a scroll of summoning {unknown}
 x - a scroll of amnesia {unknown}
 A - a scroll of silence {unknown}
Potions
 d - a potion of might
 l - 5 potions of curing {unknown}
 n - 3 potions of haste {unknown}
 o - a potion of brilliance {unknown}
 p - 2 potions of flight {unknown}
 z - a potion of mutation {unknown}
 C - a potion of heal wounds {unknown}
 D - 2 potions of magic {unknown}
 E - a potion of resistance {unknown}


   Skills:
 + Level 4.7 Fighting
 - Level 10.0 Axes
 - Level 2.0 Ranged Weapons
 - Level 3.6 Armour
 - Level 3.6 Shields


You had 6 spell levels left.
You didn't know any spells.
Your spell library contained the following spells:

 Spells                   Type           Power      Damage    Failure   Level
 Foxfire                  Conj/Fire      0%         2x1d4     78%         1
 Conjure Flame            Conj/Fire      0%         6-21      98%         3
 Inner Flame              Hex/Fire       0%         N/A       98%         3
 Flame Wave               Conj/Fire      0%         2d4       100%        4


Dungeon Overview and Level Annotations

Branches:
Dungeon (5/15)             Temple (1/1) D:4           Sewer (visited)

Altars:
Cheibriados
Dithmenos
Elyvilon
Fedhas
Gozag
Hepliaklqana
Kikubaaqudgha
Makhleb
Okawaru
Qazlal
Ru
Sif Muna
Trog
Uskayaw
Vehumet
Wu Jian
Xom
Yredelemnul
Zin
The Shining One

Shops:
D:1 *   D:2 :(=(


Innate Abilities, Weirdness & Mutations

You have a pair of horns on your head.
You reflexively headbutt those who attack you in melee.


Message History

You closely miss the gnoll bouda. You headbutt the gnoll bouda.
You kill the gnoll bouda!
Okawaru accepts your kill. The gnoll closely misses you.
You closely miss the gnoll. Your headbutt misses the gnoll.
The gnoll hits you from afar with a +0 spear!
* * * LOW HITPOINT WARNING * * *
The gnoll hits you but does no damage.
You feel very mighty all of a sudden. The gnoll hits you with a +0 club.
* * * LOW HITPOINT WARNING * * *
The gnoll hits you from afar with a +1 spear of venom.
* * * LOW HITPOINT WARNING * * *
You are poisoned.
You barely miss the gnoll. Your headbutt misses the gnoll.
You feel very sick. The gnoll hits you with a +0 club.
* * * LOW HITPOINT WARNING * * *
The gnoll hits you from afar with a +1 spear of venom.
* * * LOW HITPOINT WARNING * * *
You are lethally poisoned!
You slash the gnoll! You headbutt the gnoll.
You kill the gnoll!
Okawaru accepts your kill.
* * * LOW HITPOINT WARNING * * *
You feel very sick. The gnoll hits you but does no damage.
Unknown command.
Your attacks no longer feel as feeble.
* * * LOW HITPOINT WARNING * * *
You feel very sick. The gnoll hits you but does no damage.
The gnoll hits you with a +1 spear of venom.
* * * LOW HITPOINT WARNING * * *
You are more poisoned.
Items here: )) ††.
You slash the gnoll! You headbutt the gnoll.
You kill the gnoll!
Okawaru accepts your kill.
You die...

........#####.).....#
######### ##.....##
#....## #.#.## #.###
#### #.# .... #.#
#..###.# #.g)@..#
#.######


You could see a gnoll (swift).

Vanquished Creatures
  2 phantoms
  A scorpion (D:5)
  A hound (D:3)
  2 gnoll boudas
  An iguana (D:4)
  2 orc wizards (D:4)
  Robin (D:2)
  16 gnolls
  15 adders
  3 river rats (Sewer)
  An ufetubus (D:4)
  3 worms
  6 orcs
  9 endoplasms
  3 giant cockroaches
  18 goblins
  6 hobgoblins
  3 quokkas
  15 ball pythons
  9 bats
  7 frilled lizards
  28 kobolds
  26 rats
178 creatures vanquished.

Vanquished Creatures (others)
  A plant (D:3)
1 creature vanquished.

Grand Total: 179 creatures vanquished

Notes
Turn   | Place    | Note
-------+----------+-------------------------------------------
     0 | D:1      | cdecastro the Minotaur Fighter began the quest for the Orb.
     0 | D:1      | Reached XP level 1. HP: 19/19 MP: 0/0
    26 | D:1      | Found Quzxiuj's Assorted Antiques.
    38 | D:1      | Reached skill level 3 in Axes
    60 | D:1      | Reached XP level 2. HP: 13/26 MP: 1/1
   360 | D:1      | Found a faded altar of an unknown god.
   428 | D:1      | Reached skill level 1 in Ranged Weapons
   593 | D:1      | Bought a red potion for 17 gold pieces
   593 | D:1      | Bought a coppery potion for 17 gold pieces
   593 | D:1      | Bought an emerald potion for 17 gold pieces
   658 | D:2      | Reached XP level 3. HP: 31/31 MP: 2/2
   679 | D:2      | Found Adilirph's Jewellery Shop.
   992 | D:2      | Found Zeroxipn's Antique Weapon Shoppe.
  1028 | D:2      | Noticed Robin
  1036 | D:2      | Killed Robin
  1037 | D:2      | Reached skill level 4 in Axes
  1084 | D:2      | Reached XP level 4. HP: 16/38 MP: 3/3
  1487 | D:2      | Found Imewoh Ucux's Weapon Emporium.
  1508 | D:2      | Found Lofonk's Book Boutique.
  1650 | D:2      | Reached skill level 5 in Axes
  1965 | D:3      | Reached XP level 5. HP: 38/45 MP: 4/4
  1966 | D:3      | Reached skill level 6 in Axes
  2269 | D:3      | Found a hazy altar of Hepliaklqana.
  2547 | D:3      | Noticed a phantom
  2560 | D:3      | Killed a phantom
  2561 | D:3      | Reached skill level 7 in Axes
  2561 | D:3      | Reached XP level 6. HP: 28/51 MP: 5/5
  2997 | D:4      | Reached skill level 8 in Axes
  3049 | D:4      | Found a staircase to the Ecumenical Temple.
  3070 | Temple   | Entered the Ecumenical Temple
  3123 | Temple   | Became a worshipper of Warmaster Okawaru
  3597 | D:4      | Reached XP level 7. HP: 25/57 MP: 6/6
  3682 | D:4      | Found a glowing drain.
  3696 | Sewer    | Entered a sewer
  3816 | Sewer    | Reached skill level 9 in Axes
  5084 | D:4      | Reached skill level 10 in Axes
  5191 | D:5      | Entered Level 5 of the Dungeon
  5474 | D:5      | HP: 2/60 [gnoll/+1 spear of venom[a gnoll bouda] (2)]
  5475 | D:5      | Succumbed to a gnoll's poison

Illustrated notes

Levels and vault maps discovered:
D:1:      wander_arrival_desolate, layout_rooms, serial_shops,
          nicolae_square_shop, hellmonk_ecumenical_altar_zigzags
D:2:      minmay_diamond_boxcup, layout_loops_ring, serial_shops,
          nicolae_shop_trees, nicolae_shop_bloodbath_and_beyond,
          nicolae_shop_waterfront, nicolae_shop_window_shopping, uniq_robin
D:3:      layout_basic, worldfamousw_hep_ancestral_shrine,
          minmay_shallow_snake_nest
D:4:      layout_basic, minmay_temple_entry_wispy, cheibrodos_sewer_entry_bend
D:5:      layout_loops_ring, grunt_nemelex_the_gamble
Temple:   hellmonk_temple_of_storms

Skill      XL: |  1  2  3  4  5  6  7 |
---------------+----------------------+-----
Axes           | 3 4 5 7 8 10 | 10.0
Ranged Weapons | 1 2 |  2.0
Fighting       | 4 |  4.7
Armour         | |  3.6
Shields        | |  3.6

Action                   |  1- 3 |  4- 6 |  7- 9 || total
-------------------------+-------+-------+-------++-------
Melee: War axe           |    37 |   123 |   142 ||   302
       Headbutt          |     3 |    12 |    25 ||    40
 Fire: Arbalest          |    53 |     3 |    21 ||    77
  Use: Potion            |       |       |     1 ||     1
Armor: Scale mail        |    40 |    58 |    50 ||   148
Dodge: Dodged            |    37 |    69 |    61 ||   167
